 Dungeon Crawl Stone Soup version 0.26-a0-487-gbff1e92059 (webtiles) character file.

Game seed: 3624919128961884841

182 Efemafry the Skirmisher (level 5, -5/47 HPs)
             Began as a Minotaur Fighter on Aug 2, 2020.
             Killed by divine providence
             ... invoked by an orc priest
              (13 damage)
             ... on level 4 of the Dungeon.
             The game lasted 00:03:28 (2378 turns).

Efemafry the Skirmisher (Minotaur Fighter)          Turns: 2378, Time: 00:03:28

Health: -5/47      AC:  7    Str: 21    XL:     5   Next: 34%
Magic:  4/4        EV:  8    Int:  5    God:
Gold:   165        SH:  0    Dex: 10    Spells: 4/4 levels left

rFire    . . .     SeeInvis .   a - +0 long sword
rCold    . . .     Faith    .   c - +0 kite shield
rNeg     . . .     Spirit   .   b - +0 scale mail
rPois    .         Reflect  .   (helmet restricted)
rElec    .         Harm     .   (no cloak)
rCorr    .                      (no gloves)
MR       .....                  (no boots)
Stlth    ..........             (no amulet)
HPRegen  0.15/turn              (no ring)
MPRegen  0.09/turn              (no ring)

@: confused
A: retaliatory headbutt, horns 2
a: no special abilities


You were on level 4 of the Dungeon.
You visited 1 branch of the dungeon, and saw 4 of its levels.

You collected 165 gold pieces.

Inventory:

Hand Weapons
 a - a +0 long sword (weapon)
Armour
 b - a +0 scale mail (worn)
 c - a +0 kite shield (worn)
Jewellery
 o - an uncursed amulet of reflection {unknown}
Scrolls
 e - a scroll of remove curse {unknown}
 f - a scroll of magic mapping {unknown}
 h - 2 scrolls of blinking {unknown}
 j - 2 scrolls of teleportation {unknown}
 m - a scroll of noise {unknown}
 n - a scroll of fog {unknown}
 q - a scroll of identify {unknown}
Potions
 d - a potion of might
 g - a potion of flight {unknown}
 i - 3 potions of curing
 k - a potion of haste
 l - a potion of invisibility {unknown}
 p - a potion of heal wounds {unknown}


   Skills:
 + Level 4.8 Fighting
 + Level 4.2 Long Blades
 + Level 4.4 Armour
 + Level 1.0 Dodging
 + Level 4.7 Shields


You had 4 spell levels left.
You didn't know any spells.
Your spell library was empty.

Dungeon Overview and Level Annotations

Branches:
Dungeon (4/15)
 Temple: D:4-7

Altars:
Uskayaw
Zin


Innate Abilities, Weirdness & Mutations

You reflexively headbutt those who attack you in melee.
You have a pair of horns on your head.


Message History

You are more confused.
You bump into the rock wall.
Something hits you but does no damage.
The orc priest casts a cantrip, but nothing happens.
You're too confused to move!
Something hits you.
You're too confused to move!
Something hits you.
* * * LOW HITPOINT WARNING * * *
You barely miss something. You headbutt something. Something hits you.
* * * LOW HITPOINT WARNING * * *
The orc priest invokes the aid of Beogh against you.
Something writhes in agony.
Something hits you.
* * * LOW HITPOINT WARNING * * *
You miss something. Your headbutt misses something.
Something hits you but does no damage.
You barely miss something. Your headbutt misses something.
The orc priest looks satisfied for a moment.
Something hits you but does no damage.
You bump into the rock wall.
Something hits you but does no damage.
The orc priest invokes the aid of Beogh against you.
Beogh smites you!
You die...

#....# .. #.##.#
....#############.##.#
......)....).....>...#
..........#######.####
......###o# #.# ####..
#o# #.# #< #.#
####.### ## #@#
#......#
#....#†#.##.#####
####.#.#.#......#
#.#.#..###.#
#.#.#...##.#
#.#.#..<...#
#.#.#.#######
#.#..........
#...#######


You could see an orc priest and an orc.

Vanquished Creatures
  An orc priest (D:3)
  2 adders
  An ooze (D:3)
  5 worms
  5 dart slugs
  2 leopard geckos
  15 orcs
  A giant cockroach (D:1)
  10 goblins
  10 hobgoblins
  2 jackals (D:1)
  4 quokkas
  5 bats
  3 frilled lizards
  12 kobolds
  9 rats
87 creatures vanquished.

Notes
Turn   | Place    | Note
-------+----------+-------------------------------------------
     0 | D:1      | Efemafry the Minotaur Fighter began the quest for the Orb.
     0 | D:1      | Reached XP level 1. HP: 19/19 MP: 0/0
   164 | D:1      | Reached XP level 2. HP: 27/27 MP: 1/1
   758 | D:2      | Found a hide-covered altar of Uskayaw.
   770 | D:2      | Reached XP level 3. HP: 32/33 MP: 2/2
  1294 | D:2      | Reached XP level 4. HP: 39/40 MP: 3/3
  1860 | D:3      | Reached XP level 5. HP: 47/47 MP: 4/4
  2174 | D:3      | Found a glowing silver altar of Zin.
  2232 | D:3      | Reached skill level 1 in Dodging
  2378 | D:4      | Killed from afar by an orc priest

Illustrated notes

Levels and vault maps discovered:
D:1:      dpeg_arrival_rooms_b, layout_basic
D:2:      layout_loops_ring, eat_drink_and_be_merry_uskayaw,
          minmay_misc_feat_columns
D:3:      kb_forest_paths, layout_rooms, lemuel_doored_altar
D:4:      layout_basic, nicolae_overflow_crystal_walls, lemuel_round_altar,
          marbit_many_paths, minmay_temple_entry_antechambers,
          minmay_large_rounded_square, uniq_natasha

Skill      XL: |  1  2  3  4  5 |
---------------+----------------+-----
Fighting       | 4 |  4.8
Shields        | 4 |  4.7
Armour         | 4 |  4.4
Long Blades    | 3 4 |  4.2
Dodging        | 1 |  1.0

Action                   |  1- 3 |  4- 6 || total
-------------------------+-------+-------++-------
Melee: Long sword        |   108 |   105 ||   213
       Headbutt          |    18 |    18 ||    36
Armor: Scale mail        |    37 |    47 ||    84
Dodge: Dodged            |    25 |    14 ||    39
Block: Kite shield       |    69 |    39 ||   108
       Rpst.: Long sword |     6 |     2 ||     8

Table legend: (Time is in decaauts)
 A = Elapsed time spent in this place.
 B = Non-inter-level travel time spent in this place.
 C = Inter-level travel time spent in this place.
 D = Time resting spent in this place.
 E = Time spent auto-exploring this place.
 F = Levels seen in this place.
 G = Mean time per level.
                   A        B        C        D        E       F      G
               +--------+--------+--------+--------+--------+-----+--------+
         Total |   2445 |   2377 |     68 |      0 |   1861 |   4 |  611.2 |
       Dungeon |   2445 |   2377 |     68 |      0 |   1861 |   4 |  611.2 |
               +--------+--------+--------+--------+--------+-----+--------+

Top non-repeatable levels by time:
     D:2: 793 daAuts
     D:1: 777 daAuts
     D:3: 724 daAuts
     D:4: 150 daAuts
